 Dungeon Crawl Stone Soup version 0.29-a0-194-g6e3aafee17 (webtiles) character file.

Game seed: 9438297978994584660

0 dolemite99 the Bolt Thrower (level 1, 0/12 HPs)
             Began as a Kobold Hunter on Feb 23, 2022.
             Constricted to death by a ball python (1 damage)
             ... on level 1 of the Dungeon.
             The game lasted 00:00:08 (65 turns).

dolemite99 the Bolt Thrower (Kobold Hunter)           Turns: 65, Time: 00:00:09

Health: 0/12       AC:  3    Str:  9    XL:     1   Next: 11%
Magic:  1/1        EV: 11    Int: 12    God:
Gold:   0          SH:  0    Dex: 15    Spells: 0/0 levels left

rFire   . . .      SeeInvis .   a - +1 hand crossbow
rCold   . . .      Faith    .   (no shield)
rNeg    . . .      Spirit   .   b - +0 leather armour
rPois   .          Reflect  .   (no helmet)
rElec   .          Harm     .   (no cloak)
rCorr   .          Rampage  .   (no gloves)
Will    .....                   (no boots)
Stlth   +++.......              (no amulet)
HPRegen 0.04/turn               (no ring)
MPRegen 0.07/turn               (no ring)

@: constricted
A: small, no large weapons, nightstalker 3
a: no special abilities


You were on level 1 of the Dungeon.
You visited 1 branch of the dungeon, and saw 1 of its levels.

Inventory:

Hand Weapons
 a - a +1 hand crossbow (weapon)
Armour
 b - a +0 leather armour (worn)


   Skills:
 - Level 2.1 Fighting
 + Level 5.3 Crossbows
 - Level 2.4 Dodging
 - Level 1.3 Stealth


You couldn't memorise any spells.
You didn't know any spells.
Your spell library was empty.

Dungeon Overview and Level Annotations

Branches:
Dungeon (1/15)

Altars:


Innate Abilities, Weirdness & Mutations

You are small and have problems with some larger weapons.
You are completely attuned to the shadows.


Message History

You are too injured to fight recklessly!
You are too injured to fight recklessly!
You are too injured to fight recklessly!
You are too injured to fight recklessly!
You are too injured to fight recklessly!
Unknown command.
The bat completely misses you. The ball python misses you.
The ball python grabs you. The ball python constricts you.
The kobold hits you but does no damage.
You escape the ball python's grasp.
The bat hits you. The bat barely misses you. The ball python misses you.
The ball python grabs you. The ball python constricts you.
The ball python's grasp on you weakens, but your attempt to escape fails.
The bat hits you.
* * * LOW HITPOINT WARNING * * *
The ball python misses you. The ball python constricts you.
The kobold hits you but does no damage. The bat hits you but does no damage.
You escape the ball python's grasp.
The bat hits you but does no damage. The bat hits you but does no damage.
There is an open door here.
The ball python closely misses you. x2
Shoot: a) +1 hand crossbow
Press: ? - help, Shift-Dir - straight line, f - ball python
Aim: a ball python You shoot a bolt.
The bolt hits the ball python.
The ball python is severely wounded.
The ball python closely misses you. The ball python grabs you.
The ball python constricts you.
* * * LOW HITPOINT WARNING * * *
The ball python barely misses you. The ball python constricts you.
* * * LOW HITPOINT WARNING * * *
Shoot: a) +1 hand crossbow
Press: ? - help, Shift-Dir - straight line, f/p - ball python
Aim: a ball python (severely wounded, constricting you)
You shoot a bolt.
The bolt closely misses the ball python.
The bolt hits the frilled lizard!
You kill the frilled lizard!
The ball python misses you. The ball python constricts you.
You die...

######## #....... #.##+##.
##### #.#...#. #...# #.#.<.#.
###...### ###.##'##.
........##############.'.+.....
.......K'.KgbS@....>.#.#+######
........#########.#..#.....
........# #.#.......# .....†..#
#.#.####### ........# #.#.....
.....# ######


You could see a goblin, a bat, a ball python and a kobold.

Vanquished Creatures
  A frilled lizard (D:1)
  A rat (D:1)
2 creatures vanquished.

Notes
Turn   | Place    | Note
-------+----------+-------------------------------------------
     0 | D:1      | dolemite99 the Kobold Hunter began the quest for the Orb.
     0 | D:1      | Reached XP level 1. HP: 12/12 MP: 1/1
    65 | D:1      | Constricted to death by a ball python

Illustrated notes

Levels and vault maps discovered:
D:1:      ncdulo_smallfort, layout_basic, shapermc_ecumenical_altar_petra

Action                   || total
-------------------------++-------
 Fire: Hand crossbow     ||     7
Armor: Leather armour    ||     6
Dodge: Dodged            ||    12

Table legend: (Time is in decaauts)
 A = Elapsed time spent in this place.
 B = Non-inter-level travel time spent in this place.
 C = Inter-level travel time spent in this place.
 D = Time resting spent in this place.
 E = Time spent auto-exploring this place.
 F = Levels seen in this place.
 G = Mean time per level.
                   A        B        C        D        E       F      G
               +--------+--------+--------+--------+--------+-----+--------+
         Total |     66 |     66 |      0 |      0 |     45 |   1 |   66.0 |
       Dungeon |     66 |     66 |      0 |      0 |     45 |   1 |   66.0 |
               +--------+--------+--------+--------+--------+-----+--------+

Top non-repeatable levels by time:
     D:1: 66 daAuts
